 Dungeon Crawl Stone Soup version 0.25.0-33-gff14898491 (webtiles) character file.

Game seed: 8838538636167805487

267 MisterFreud the Chiller (level 6, 47/47 HPs)
             Began as a Demonspawn Ice Elementalist on July 7, 2020.
             Got out of the dungeon alive.
             The game lasted 00:06:12 (3633 turns).

MisterFreud the Chiller (DsIE)                      Turns: 3633, Time: 00:06:13

Health: 47/47      AC:  2    Str:  8    XL:     6   Next: 0%
Magic:  10/10      EV: 12    Int: 19    God:
Gold:   125        SH:  0    Dex: 13    Spells: 7/11 levels left

rFire    . . .     SeeInvis .   l - +1 dagger (venom)
rCold    . . .     Gourm    .   (no shield)
rNeg     . . .     Faith    .   a - +0 robe
rPois    .         Spirit   .   (no helmet)
rElec    .         Reflect  .   (no cloak)
rCorr    .         Harm     .   (no gloves)
MR       .....                  (no boots)
Stlth    ++........             u - amulet of magic regeneration
HPRegen  0.15/turn              g - ring of flight
MPRegen  0.37/turn              (no ring)

@: no status effects
A: claws 1, powered by pain 1, rot immunity
a: Evoke Flight


You escaped.
You were not hungry.

You visited 1 branch of the dungeon, and saw 3 of its levels.

You collected 125 gold pieces.

Inventory:

Hand Weapons
 l - a +1 dagger of venom (weapon)
Missiles
 f - 8 javelins
 p - 8 poisoned darts (quivered)
 q - 7 curare-tipped darts
Armour
 a - a +0 robe (worn)
Jewellery
 g - a ring of flight (left claw)
 u - an amulet of magic regeneration (around neck)
Wands
 d - a wand of polymorph (4)
 o - a wand of digging (4)
Scrolls
 b - a scroll of blinking {unknown}
 e - a scroll of fear {unknown}
 h - 2 scrolls of remove curse
 i - 2 scrolls of enchant armour {unknown}
 j - 2 scrolls of teleportation {unknown}
Potions
 k - 2 potions of might
 r - a potion of cancellation
 s - a potion of magic
 t - a potion of curing
 v - a potion of berserk rage {unknown}
 x - a potion of brilliance {unknown}
Comestibles
 c - 2 rations


   Skills:
 - Level 3.0 Fighting
 - Level 1.7 Dodging
 - Level 1.7 Stealth
 + Level 1.8 Unarmed Combat
 - Level 3.0 Spellcasting
 - Level 5.0 Ice Magic


You had 7 spell levels left.
You knew the following spells:

 Your Spells              Type           Power        Failure   Level  Hunger
a - Freeze                Ice            ###.         1%          1    None
b - Frozen Ramparts       Ice            ###...       6%          3    ###....

Your spell library contained the following spells:

 Spells                   Type           Power        Failure   Level  Hunger
 Ozocubu's Armour         Chrm/Ice       ##......     16%         3    ###....
 Hailstorm                Conj/Ice       ##......     47%         4    ####...
 Summon Ice Beast         Ice/Summ       ##......     47%         4    ####...


Dungeon Overview and Level Annotations

Branches:
Dungeon (3/15)

Altars:
Ashenzari
Gozag
Wu Jian

Annotations:
D:2 1 runed translucent door, Crazy Yiuf


Innate Abilities, Weirdness & Mutations

You have sharp fingernails.
You sometimes gain a little power by taking damage.
You are immune to rotting.


Message History

(D) Dungeon
Where to? (Enter - D:2 @ (x,y), ? - help)
What level of the Dungeon? (default 1, ? - help)
There is a stone staircase leading up here.
You climb upwards.
Level annotation: 1 runed translucent door, Crazy Yiuf
There is a stone staircase leading down here.
Some of the chunks of flesh in your inventory have rotted away.
There is a stone staircase leading up here.
You climb upwards.
There is a stone staircase leading down here.
HP restored.
Some of the chunks of flesh in your inventory have rotted away.
There is an open door here.
You see here 3 stones.
All of the chunks of flesh in your inventory have rotted away.
You see here a leather armour.
There is a staircase leading out of the dungeon here.
Are you sure you want to leave the Dungeon?
This will make you lose the game!
You have escaped!

############
##..###.#.#..#...#
#.###..##.##......
#.#...#.##.#..##..
##.######.#...#..#
###.#[..#..#...#.
###.#.###.#.....#.
#..##.#.#...##...#
##..##.##.##....#.
#@.#..#.##...#....
##################


There were no monsters in sight!

Vanquished Creatures
  A bullfrog zombie (D:3)
  2 orc priests (D:3)
  Ijyb (D:3)
  7 adders
  An ooze (D:2)
  2 worms
  3 dart slugs
  5 orcs (D:3)
  10 bats
  5 giant cockroaches
  10 hobgoblins
  6 jackals (D:1)
  A ball python (D:2)
  4 goblins
  7 kobolds
  5 rats
70 creatures vanquished.

Notes
Turn   | Place    | Note
-------+----------+-------------------------------------------
     0 | D:1      | MisterFreud the Demonspawn Ice Elementalist began the quest
                  | for the Orb.
     0 | D:1      | Reached XP level 1. HP: 13/13 MP: 3/3
    57 | D:1      | You fall into a shaft and drop 1 floor!
    90 | D:2      | Reached skill level 1 in Fighting
   386 | D:2      | Gained mutation: You have sharp fingernails. [demonic
                  | ancestry]
   386 | D:2      | Reached XP level 2. HP: 22/22 MP: 3/5
  1244 | D:1      | Gained mutation: You are immune to rotting. [demonic
                  | ancestry]
  1244 | D:1      | Reached XP level 3. HP: 28/28 MP: 3/6
  1707 | D:1      | Learned a level 3 spell: Frozen Ramparts
  2055 | D:2      | Reached XP level 4. HP: 17/35 MP: 0/7
  2256 | D:2      | Reached skill level 4 in Ice Magic
  2377 | D:2      | Found an opulent altar of Gozag.
  2593 | D:2      | Found a runed translucent door.
  2594 | D:2      | Noticed Crazy Yiuf
  2823 | D:3      | Found a shattered altar of Ashenzari.
  2994 | D:3      | Reached XP level 5. HP: 15/41 MP: 9/9
  3248 | D:3      | Noticed Ijyb
  3262 | D:3      | Killed Ijyb
  3294 | D:3      | Found an ornate altar of the Wu Jian Council.
  3439 | D:3      | Reached skill level 5 in Ice Magic
  3443 | D:3      | Reached skill level 1 in Unarmed Combat
  3451 | D:3      | Gained mutation: You sometimes gain a little power by
                  | taking damage. [demonic ancestry]
  3451 | D:3      | Reached XP level 6. HP: 38/47 MP: 8/10
  3633 | D:$      | Got out of the dungeon alive.

Illustrated notes

Levels and vault maps discovered:
D:1:      erik_arrival_cave_to_civilisation [erik_arrival_cave_to_hall],
          layout_basic, minmay_misc_feat_doors, chequers_serial_rivers_room_b,
          fountainhead
D:2:      layout_rooms, nicolae_overflow_crystal_walls, first_ration,
          uniq_crazy_yiuf_cottage
D:3:      layout_rooms, lemuel_crystal_altar, evilmike_ruin_ashenzari,
          uniq_terence, uniq_ijyb

Skill      XL: |  1  2  3  4  5 |
---------------+----------------+-----
Fighting       | 1 2 3 |  3.0
Ice Magic      | 4 5 |  5.0
Spellcasting   | 3 |  3.0
Unarmed Combat | 1 |  1.8
Dodging        | |  1.7
Stealth        | |  1.7

Action                   |  1- 3 |  4- 6 || total
-------------------------+-------+-------++-------
Melee: Unarmed           |     1 |       ||     1
       Dagger            |    22 |    55 ||    77
       Mace              |     3 |       ||     3
 Cast: Freeze            |    43 |       ||    43
       Frozen Ramparts   |     3 |    10 ||    13
  Use: Scroll            |     1 |     3 ||     4
       Potion            |       |     3 ||     3
 Stab: Sleeping          |     2 |     3 ||     5
  Eat: Chunk             |     4 |     6 ||    10
Armor: Robe              |     9 |    11 ||    20
       Skin              |       |     7 ||     7
Dodge: Dodged            |    35 |    37 ||    72
